 Dungeon Crawl Stone Soup version 0.28-a0-834-g1a73be5ee4 (webtiles) character file.

Game seed: 11382100222172520507

235 karkarkar the Chopper (level 5, -7/47 HPs)
             Began as a Minotaur Fighter on Nov 12, 2021.
             Mangled by a gnoll (11 damage)
             ... on level 4 of the Dungeon.
             The game lasted 00:09:22 (3825 turns).

karkarkar the Chopper (Minotaur Fighter)            Turns: 3825, Time: 00:09:23

Health: -7/47      AC: 15    Str: 22    XL:     5   Next: 76%
Magic:  4/4        EV:  3    Int:  5    God:
Gold:   109        SH:  4    Dex:  9    Spells: 4/4 levels left

rFire   + . .      SeeInvis .   a - +0 war axe
rCold   + . .      Faith    .   c - +0 buckler
rNeg    . . .      Spirit   .   h - +1 gold dragon scales
rPois   +          Reflect  .   (helmet restricted)
rElec   .          Harm     .   (no cloak)
rCorr   .          Rampage  .   (no gloves)
Will    .....                   (no boots)
Stlth   ..........              (no amulet)
HPRegen 0.15/turn               (no ring)
MPRegen 0.09/turn               (no ring)

@: no status effects
A: horns 2, retaliatory headbutt
a: no special abilities


You were on level 4 of the Dungeon.
You visited 1 branch of the dungeon, and saw 4 of its levels.

You collected 109 gold pieces.

Inventory:

Hand Weapons
 a - a +0 war axe (weapon)
Missiles
 l - 11 poisoned darts (quivered)
Armour
 c - a +0 buckler (worn)
 h - +1 gold dragon scales (worn)
Wands
 n - a wand of iceblast (7)
Scrolls
 e - 2 scrolls of vulnerability
 g - a scroll of immolation
 j - a scroll of amnesia {unknown}
Potions
 b - 3 potions of flight
 d - a potion of might
 f - a potion of heal wounds {unknown}
 i - a potion of degeneration {unknown}
 k - a potion of brilliance {unknown}
 m - a potion of curing {unknown}
 o - a potion of invisibility {unknown}


   Skills:
 + Level 4.5 Fighting
 + Level 5.2 Axes
 * Level 1.2 Throwing
 - Level 4.8 Armour
 + Level 0.5 Dodging
 - Level 4.0 Shields
 * Level 0.6 Evocations


You had 4 spell levels left.
You didn't know any spells.
Your spell library contained the following spells:

 Spells                   Type           Power      Damage    Failure   Level
 Corpse Rot               Necr/Air       0%         N/A       100%        2
 Static Discharge         Conj/Air       0%         N/A       100%        2
 Stone Arrow              Conj/Erth      0%         3d7       100%        3
 Animate Armour           Summ/Erth      0%         N/A       100%        4
 Dispel Undead            Necr           0%         3d6       100%        4
 Sticky Flame             Conj/Fire      0%         2d3       100%        4
 Death Channel            Necr           0%         N/A       100%        6
 Lehudib's Crystal Spear  Conj/Erth      0%         10d2      100%        8


Dungeon Overview and Level Annotations

Branches:
Dungeon (4/15)
 Temple: D:4-7

Altars:


Innate Abilities, Weirdness & Mutations

You have a pair of horns on your head.
You reflexively headbutt those who attack you in melee.


Message History

The gnoll hits you from afar with a +0 halberd.
The gnoll shaman hits you with a +0 whip.
The gnoll hits you from afar with a +0 halberd!
You are too injured to fight recklessly!
You are too injured to fight recklessly!
You are too injured to fight recklessly!
You closely miss the gnoll shaman. You headbutt the gnoll shaman.
The gnoll shaman is almost dead.
The gnoll hits you from afar with a +0 halberd.
The gnoll shaman hits you but does no damage.
The gnoll hits you but does no damage.
You hit the gnoll shaman.
You kill the gnoll shaman!
You block the gnoll's attack.
The gnoll hits you from afar with a +0 halberd.
* * * LOW HITPOINT WARNING * * *
The gnoll hits you from afar with a +0 halberd!
* * * LOW HITPOINT WARNING * * *
The gnoll hits you but does no damage.
You see here a +0 club.
Press: ? - help, v - describe, . - travel
Here: a gnoll, wielding a +0 halberd (fast)
The floor, spattered with blood.
Okay, then.
Things that are here:
a +0 halberd; a gnoll skeleton The gnoll hits you but does no damage.
You see here a +0 whip.
The gnoll barely misses you.
The gnoll hits you from afar with a +0 halberd.
* * * LOW HITPOINT WARNING * * *
The gnoll hits you from afar with a +0 halberd.
* * * LOW HITPOINT WARNING * * *
A hobgoblin comes into view. It is wielding a +0 hand axe.
There is a stone staircase leading down here.
The gnoll barely misses you. You block the gnoll's attack.
You see here a worm corpse.
The gnoll hits you from afar with a +0 halberd!
You die...

... .... ### ... #.)
#.. #####.# #.####
#.))..# #.#..
#####)##### #####.#.#
#.....#
...#...<.#.######.#####
..........@†g..>..#
##....##.######.###
####' #.). ...# .
......#### .. ...g...#
#. ....[...#
#..........#
.#....#+#..


You could see a gnoll (fast).

Vanquished Creatures
  A gnoll shaman (D:4)
  Ijyb (D:3)
  Robin (D:2)
  3 gnolls (D:4)
  5 adders
  4 worms
  2 dart slugs (D:1)
  7 orcs (D:3)
  3 bats
  An endoplasm (D:1)
  3 giant cockroaches
  13 goblins
  5 hobgoblins
  3 jackals (D:1)
  4 quokkas
  6 ball pythons
  6 frilled lizards
  4 kobolds
  10 rats
82 creatures vanquished.

Vanquished Creatures (others)
  A kobold (D:3)
  A plant (D:3)
2 creatures vanquished.

Grand Total: 84 creatures vanquished

Notes
Turn   | Place    | Note
-------+----------+-------------------------------------------
     0 | D:1      | karkarkar the Minotaur Fighter began the quest for the Orb.
     0 | D:1      | Reached XP level 1. HP: 19/19 MP: 0/0
   173 | D:1      | Reached XP level 2. HP: 27/27 MP: 1/1
   205 | D:1      | Found a faded altar of an unknown god.
   652 | D:1      | Reached skill level 3 in Axes
   674 | D:1      | Reached XP level 3. HP: 33/33 MP: 2/2
  1352 | D:2      | Noticed Robin
  1561 | D:2      | Killed Robin
  1562 | D:2      | Reached XP level 4. HP: 32/40 MP: 3/3
  1886 | D:3      | Noticed Ijyb
  2214 | D:3      | Killed Ijyb
  2215 | D:3      | Reached skill level 4 in Axes
  2504 | D:3      | Reached XP level 5. HP: 38/46 MP: 4/4
  3375 | D:4      | Reached skill level 5 in Axes
  3375 | D:4      | Reached skill level 1 in Throwing
  3825 | D:4      | Mangled by a gnoll

Illustrated notes

Levels and vault maps discovered:
D:1:      ebering_trefoil_twist, layout_loops_ring,
          hellmonk_ecumenical_altar_blasted, minmay_pentomino_s2
D:2:      layout_loops_cross, uniq_robin
D:3:      layout_loops_cross, hangedman_glass_teeth, minmay_parallelograms,
          corexii_shack, uniq_ijyb
D:4:      layout_basic, kennysheep_generic_room_16

Skill      XL: |  1  2  3  4  5 |
---------------+----------------+-----
Armour         | 4 |  4.8
Shields        | 4 |  4.0
Fighting       | 4 |  4.5
Axes           | 3 4 5 |  5.2
Throwing       | 1 |  1.2
Dodging        | |  0.5
Evocations     | |  0.6

Action                   |  1- 3 |  4- 6 || total
-------------------------+-------+-------++-------
Melee: War axe           |   112 |   106 ||   218
       Headbutt          |    17 |    21 ||    38
Throw: Dart              |       |    14 ||    14
  Use: Scroll            |     2 |     3 ||     5
Armor: Scale mail        |    31 |       ||    31
       Gold dragon scale |    49 |    83 ||   132
Dodge: Dodged            |    36 |    14 ||    50
Block: Buckler           |    23 |    24 ||    47

Table legend: (Time is in decaauts)
 A = Elapsed time spent in this place.
 B = Non-inter-level travel time spent in this place.
 C = Inter-level travel time spent in this place.
 D = Time resting spent in this place.
 E = Time spent auto-exploring this place.
 F = Levels seen in this place.
 G = Mean time per level.
                   A        B        C        D        E       F      G
               +--------+--------+--------+--------+--------+-----+--------+
         Total |   3898 |   3733 |    165 |    941 |   2121 |   4 |  974.5 |
       Dungeon |   3898 |   3733 |    165 |    941 |   2121 |   4 |  974.5 |
               +--------+--------+--------+--------+--------+-----+--------+

Top non-repeatable levels by time:
     D:3: 1571 daAuts
     D:2: 1166 daAuts
     D:1: 1041 daAuts
     D:4: 119 daAuts
